AoeStats
← XWeda

Runestones

507043365Analyzed
1v1 RM · 17d ago on Sep 16, 2026· 35m 40s· 2 players
Game mode
Random Map
Map size
Tiny (2 player)
Population
200
Speed
Normal
Resources
Standard
Victory
Conquest
Starting age
Dark Age
Ending age
Imperial Age
RankedLock teamsTeams togetherTeam positionsShared explorationLock speedFull tech treeHidden civsTurbo modeCheats
Victory
Defeat
🇸🇪 Khmer · Sweden
680
+13
🇺🇸 Vikings · United States
607
-13
GotBabyWipes
8:14 Loom
11:02 Loom
13:14 Feudal Age
17:49 Castle Age
16:22 Fletching
16:32 Padded Archer Armor
16:51 Double-Bit Axe
16:49 Horse Collar
21:46 Castle Age
22:39 Bodkin Arrow
22:59 Bow Saw
25:02 Town Watch
28:27 Stone Mining
28:41 Heavy Plow
30:57 Forging
31:14 Leather Archer Armor
30:33 Pikeman
35:47 Iron Casting
35:13 Scale Mail Armor
XWeda
0:40 Loom
10:25 Feudal Age
12:05 Double-Bit Axe
12:03 Horse Collar
17:05 Wheelbarrow
18:21 Bloodlines
26:12 Castle Age
24:48 Forging
26:47 Scale Barding Armor
26:56 Husbandry
26:42 Pikeman
36:11 Hand Cart
Connection lost

Rejoining the realm…

Still unreachable

The connection could not be restored.

Session expired

The server has moved on; the page needs a fresh start.